AoeStats
← Mr.mayfield

Migration

506270416Analyzed
1v1 RM · 19d ago on Sep 13, 2026· 27m 1s· 2 players
Game mode
Random Map
Map size
132×132
Population
200
Speed
Normal
Resources
Standard
Victory
Conquest
Starting age
Dark Age
Ending age
Imperial Age
RankedLock teamsTeams togetherTeam positionsShared explorationLock speedFull tech treeHidden civsTurbo modeCheats
Victory
Defeat
🇺🇸 Wei · United States
862
+16
🇹🇼 Vikings · Taiwan
859
-16
empirelin
10:20 Feudal Age
21:34 Castle Age
19:37 Double-Bit Axe
23:35 Fletching
Mr.mayfield
1:31 Loom
11:17 Feudal Age
12:33 Wheelbarrow
13:10 Double-Bit Axe
15:01 Fishing Lines
20:39 Castle Age
19:11 Horse Collar
21:31 Gillnets
22:09 Medium Warships
23:09 Gold Mining
26:24 Stone Mining
Connection lost

Rejoining the realm…

Still unreachable

The connection could not be restored.

Session expired

The server has moved on; the page needs a fresh start.